 Dungeon Crawl Stone Soup version 0.29.1-2-gbd0b4ee654 (webtiles) character file.

Game seed: 4516936548184559439

62 MrSixtyFour the Grave Robber (level 3, -8/24 HPs)
             Began as a Demonspawn Necromancer on Nov 25, 2022.
             Killed by an exploding bat (26 damage)
             ... ignited by their inner flame
             ... on level 2 of the Dungeon.
             The game lasted 00:06:40 (1674 turns).

MrSixtyFour the Grave Robber (DsNe)                 Turns: 1674, Time: 00:06:41

Health: -8/24      AC:  4    Str:  8    XL:     3   Next: 85%
Magic:  1/6        EV: 11    Int: 18    God:
Gold:   48         SH:  0    Dex: 13    Spells: 5/6 levels left

rFire   . . .      SeeInvis .   f - staff of conjuration
rCold   . . .      Faith    .   (no shield)
rNeg    . . .      Spirit   .   c - +0 leather armour
rPois   .          Reflect  .   o - +0 helmet
rElec   .          Harm     .   (no cloak)
rCorr   .          Rampage  .   (no gloves)
Will    .....                   (no boots)
Stlth   ++........              (no amulet)
HPRegen 0.08/turn               (no ring)
MPRegen 0.10/turn               (no ring)

@: no status effects
A: powered by pain 1
a: no special abilities


You were on level 2 of the Dungeon.
You visited 1 branch of the dungeon, and saw 2 of its levels.

You collected 48 gold pieces.

Inventory:

Armour
 a - a +0 robe
 c - a +0 leather armour (worn)
 o - a +0 helmet (worn)
Magical Staves
 f - a staff of conjuration (weapon)
 h - a staff of earth
Jewellery
 j - a ring of resist corrosion
 p - a ring of ice
Scrolls
 d - a scroll of silence {unknown}
 e - 4 scrolls of identify {unknown}
 k - a scroll of butterflies {unknown}
 l - a scroll of amnesia {unknown}
 m - a scroll of immolation
 n - a scroll of magic mapping {unknown}
Potions
 b - a potion of magic
 g - a potion of brilliance {unknown}
 i - a potion of might {unknown}


   Skills:
 + Level 0.2 Fighting
 + Level 1.4 Armour
 + Level 1.9 Dodging
 + Level 1.8 Stealth
 + Level 2.2 Spellcasting
 + Level 5.3 Necromancy


You had 5 spell levels left.
You knew the following spells:

 Your Spells              Type           Power      Damage    Failure   Level
a - Necrotise             Necr           84%        1d8       2%          1

Your spell library contained the following spells:

 Spells                   Type           Power      Damage    Failure   Level
 Vampiric Draining        Necr           21%        2d7       9%          3
 Animate Dead             Necr           21%        N/A       28%         4
 Agony                    Necr           21%        N/A       61%         5


Dungeon Overview and Level Annotations

Branches:
Dungeon (2/15)

Altars:


Innate Abilities, Weirdness & Mutations

You sometimes gain a little power by taking damage.


Message History

Confirm with . or Enter, or press ? or * to list all spells.
You don't have enough magic to cast this spell.
Unknown command.
Your hobgoblin skeleton closely misses the hobgoblin.
The hobgoblin hits your hobgoblin skeleton.
Your hobgoblin skeleton is destroyed!
The hobgoblin closely misses you. The hobgoblin misses you.
The hobgoblin hits you. The goblin attacks as you move away!
The goblin hits you with a +0 club. The bat barely misses you.
Casting: Necrotise (safe; 2% risk of failure)
Confirm with . or Enter, or press ? or * to list all spells.
Aiming: Necrotise (safe; 2% risk of failure)
Press: ? - help, Shift-Dir - straight line, f - goblin, p - hobgoblin
Aim: a goblin, wielding a +0 club (chance to affect: 90%)
The hobgoblin barely resists.
The bat misses you. The hobgoblin misses you. The bat closely misses you.
The bat closely misses you. The hobgoblin attacks as you move away!
The hobgoblin hits you. The bat barely misses you. x2
The bat closely misses you. x2
There is a faded altar of an unknown god here.
The bat misses you. The bat closely misses you.
Really read the scroll of immolation?
As you read the scroll of immolation, it crumbles to dust.
The creatures around you are filled with an inner flame!
The bat hits you. The bat misses you.
The goblin unwields a +0 club.
The goblin wields a +0 sling.
The goblin shoots a sling bullet.
The sling bullet closely misses you. The hobgoblin attacks as you move away!
The hobgoblin misses you. The bat hits you. The bat barely misses you.
The goblin shoots a sling bullet.
The sling bullet barely misses you.
The sling bullet hits the bat.
The bat explodes!
The fiery explosion engulfs you!!
Ouch! That really hurt!
You die...

###### ####### #....# .......
#.)..# .......###....#
#.....>....#.###
########§......##...#
#####......§§......###..# #
######.........§@§...... #.>####
#.......#.#.+#gg.#...### #.....)
........#...........## ##.....#
........#.......#...# ##.......
............gg#...(.#####.)#..#..
.......#......g..[....##........#
........#...g...#............####
...[...##....##.......#......<###
..........#..#.............#...##


You could see 3 hobgoblins and 3 goblins.

Vanquished Creatures
  Robin (D:2)
  2 adders (D:2)
  6 ball pythons
  3 endoplasms
  A giant cockroach (D:1)
  4 goblins (D:2)
  4 hobgoblins
  3 bats (D:1)
  2 frilled lizards
  3 kobolds
  A rat (D:1)
30 creatures vanquished.

Vanquished Creatures (collateral kills)
  A ball python (D:1)
  2 kobolds (D:1)
3 creatures vanquished.

Vanquished Creatures (others)
  A bat (D:2)
  4 plants (D:1)
5 creatures vanquished.

Grand Total: 38 creatures vanquished

Notes
Turn   | Place    | Note
-------+----------+-------------------------------------------
     0 | D:1      | MrSixtyFour the Demonspawn Necromancer began the quest for
                  | the Orb.
     0 | D:1      | Reached XP level 1. HP: 13/13 MP: 3/3
   648 | D:1      | Gained mutation: You sometimes gain a little power by
                  | taking damage. [demonic ancestry]
   648 | D:1      | Reached XP level 2. HP: 18/19 MP: 3/5
  1327 | D:2      | Reached skill level 1 in Armour
  1355 | D:2      | Reached skill level 5 in Necromancy
  1355 | D:2      | Reached XP level 3. HP: 16/24 MP: 1/6
  1519 | D:2      | Noticed Robin
  1525 | D:2      | Killed Robin
  1579 | D:2      | Found a faded altar of an unknown god.
  1674 | D:2      | Killed by an exploding bat... ignited by their inner flame

Illustrated notes

Levels and vault maps discovered:
D:1:      moated_graveyard_arrival, layout_basic, serial_bayou_lake_a
D:2:      minmay_recursive_quarters, layout_rooms,
          hellmonk_ecumenical_altar_blasted, uniq_robin

Skill      XL: |  1  2 |
---------------+-------+-----
Armour         | 1 |  1.4
Necromancy     | 5 |  5.3
Fighting       | |  0.2
Dodging        | |  1.9
Stealth        | |  1.8
Spellcasting   | |  2.2

Action                   || total
-------------------------++-------
Melee: Staff             ||    10
 Cast: Necrotise         ||    49
  Use: Scroll            ||     1
Armor: Leather armour    ||     9
Dodge: Dodged            ||    38
